 Dungeon Crawl Stone Soup version 0.21.1-1-g345015f (webtiles) character file.

69 aMcNicky the Skirmisher (level 4, -2/41 HPs)
             Began as a Minotaur Fighter on Mar 18, 2018.
             Killed by divine providence
             ... invoked by an orc priest
              (15 damage)
             ... on level 3 of the Dungeon.
             The game lasted 00:02:13 (1431 turns).

aMcNicky the Skirmisher (Minotaur Fighter)          Turns: 1431, Time: 00:02:13

Health: -2/41      AC:  8    Str: 22    XL:     4   Next: 2%
Magic:  3/3        EV:  7    Int:  5    God:
Gold:   131        SH:  9    Dex:  9    Spells: 3/3 levels left

rFire    . . .     SeeInvis .   a - +0 war axe
rCold    . . .     Gourm    .   c - +0 shield
rNeg     . . .     Faith    .   b - +0 scale mail
rPois    .         Spirit   .   (helmet restricted)
rElec    .         Reflect  .   (no cloak)
rCorr    .         Harm     .   h - +0 pair of gloves
MR       .....                  (no boots)
Stlth    ..........             (no amulet)
HPRegen  0.13/turn              o - ring of wizardry
MPRegen  0.08/turn              (no ring)

@: no status effects
A: retaliatory headbutt, horns 2
a: no special abilities


You were on level 3 of the Dungeon.
You were not hungry.

You visited 1 branch of the dungeon, and saw 3 of its levels.

You collected 131 gold pieces.

Inventory:

Hand Weapons
 a - a +0 war axe (weapon)
Armour
 b - a +0 scale mail (worn)
 c - a +0 shield (worn)
 h - a +0 pair of gloves (worn)
Jewellery
 o - a ring of wizardry (left hand)
Scrolls
 i - a scroll of enchant armour {unknown}
 j - 3 scrolls of remove curse {@r2}
 k - a scroll of immolation {unknown}
 l - a scroll of amnesia {unknown}
 m - a scroll of fog {unknown}
 n - a scroll of enchant weapon {unknown}
 p - 2 scrolls of identify {unknown}
Potions
 d - a potion of might
 e - a potion of degeneration {unknown}
 g - 2 potions of curing {unknown}
 q - a potion of heal wounds {unknown}
 s - a potion of brilliance {unknown}
Comestibles
 f - 3 rations
 r - 3 chunks of flesh


   Skills:
 + Level 4.3 Fighting
 * Level 3.7 Axes
 + Level 4.3 Armour
 - Level 4.0 Shields


You had 3 spell levels left.
You didn't know any spells.

Dungeon Overview and Level Annotations

Branches:
Dungeon (3/15)

Altars:


Innate Abilities, Weirdness & Mutations

You reflexively headbutt those who attack you in melee.
You have a pair of horns on your head.


Message History

Pain shoots through your body! The orc hits you but does no damage.
You hit the orc priest. Your headbutt misses the orc priest.
The orc priest is heavily wounded.
You slash the orc!
You kill the orc!
You have reached level 4!
You feel stronger. The orc priest hits you with a flail.
The orc priest invokes the aid of Beogh against you.
Pain shoots through your body!
* * * LOW HITPOINT WARNING * * *
You barely miss the orc priest.
You headbutt the orc priest, but do no damage.
The orc priest is moderately wounded.
The orc priest barely misses you.
You hit the orc priest but do no damage.
The orc priest is moderately wounded.
The orc priest mumbles some strange prayers to Beogh against you.
Beogh smites you!
You die...

#........# #.######.#
#.#......# J #.#.###..# #. oo
#.#.###..# #.. o. #.....#..#
... .. #...#.#..# #.# #.
#...#.#..# #.# #..##@.#.#..#
#.# #...)o.#.#..#
#.######.###..#.#..#
#...<#........#.#..#
#####.###########.#.#..#####
..................>.#......#
#######.#.#######รท.##.##.###
#.#.#...........# .#
#.#.#...........# #


You could see an orc priest.

Vanquished Creatures
  2 dart slugs
  4 leopard geckos
  2 orcs (D:3)
  3 giant cockroaches (D:1)
  4 goblins
  11 hobgoblins
  2 jackals (D:1)
  4 kobolds
  A quokka (D:3)
  9 bats
  4 frilled lizards
  8 rats
54 creatures vanquished.

Notes
Turn   | Place    | Note
-------+----------+-------------------------------------------
     0 | D:1      | aMcNicky the Minotaur Fighter began the quest for the Orb.
     0 | D:1      | Reached XP level 1. HP: 19/19 MP: 0/0
   177 | D:1      | Reached XP level 2. HP: 27/27 MP: 1/1
   316 | D:1      | Reached XP level 3. HP: 32/33 MP: 2/2
  1429 | D:3      | Reached XP level 4. HP: 25/41 MP: 3/3
  1431 | D:3      | Killed from afar by an orc priest

Skill      XL: |  1  2 |
---------------+-------+-----
Axes           | 3 |  3.7
Armour         | 4 |  4.3
Shields        | 4 |  4.0
Fighting       | 4 |  4.3

Action                   |  1- 3 |  4- 6 || total
-------------------------+-------+-------++-------
Melee: War axe           |   122 |     2 ||   124
       Headbutt          |    15 |     1 ||    16
  Use: Scroll            |     1 |       ||     1
  Eat: Chunk             |     2 |       ||     2
Armor: Scale mail        |    68 |       ||    68
Dodge: Dodged            |    35 |     1 ||    36
Block: Shield            |    64 |       ||    64
